 Dungeon Crawl Stone Soup version 0.24-a0-725-gf1a930fc54 (webtiles) character file.

Game seed: 1281108308092829441, levelgen mode: deterministic

7 MalarOregon the Cudgeler (level 2, 25/29 HPs)
             Began as a Gnoll Berserker on Oct 1, 2019.
             Was a Follower of Trog.
             Quit the game on level 1 of the Dungeon.
             The game lasted 00:00:28 (191 turns).

MalarOregon the Cudgeler (Gnoll Berserker)           Turns: 191, Time: 00:00:28

Health: 25/29      AC:  2    Str: 19    XL:     2   Next: 4%
Magic:  2/2        EV: 14    Int:  9    God:    Trog [*.....]
Gold:   2          SH:  0    Dex: 14    Spells: 1/1 levels left

rFire    . . .     SeeInvis .   a - +0 mace
rCold    . . .     Gourm    .   (no shield)
rNeg     . . .     Faith    .   b - +0 animal skin
rPois    .         Spirit   .   (no helmet)
rElec    .         Reflect  .   (no cloak)
rCorr    .         Harm     .   (no gloves)
MR       .....                  (no boots)
Stlth    +.........             (no amulet)
HPRegen  0.09/turn              (no ring)
MPRegen  0.08/turn              (no ring)

@: no status effects
A: distributed training, fangs 1, strong nose
a: Berserk, Renounce Religion


You were on level 1 of the Dungeon.
You worshipped Trog.
Trog was aware of your devotion.
You were not hungry.

You visited 1 branch of the dungeon, and saw 1 of its levels.

You collected 2 gold pieces.

Inventory:

Hand Weapons
 a - a +0 mace (weapon)
Armour
 b - a +0 animal skin (worn)
Jewellery
 i - an uncursed ring of positive energy {unknown}
   (You found it on level 1 of the Dungeon)
Scrolls
 c - a scroll of identify {unknown}
 d - a scroll of teleportation {unknown}
 f - a scroll of noise {unknown}
 g - 2 scrolls of amnesia {unknown}
Comestibles
 e - 2 rations {!d}
 h - a chunk of flesh


   Skills:
 + Level 6.4 Fighting
 + Level 0.2 Short Blades
 + Level 0.2 Long Blades
 + Level 0.2 Axes
 + Level 6.4 Maces & Flails
 + Level 0.2 Polearms
 + Level 0.2 Staves
 + Level 0.2 Slings
 + Level 0.2 Bows
 + Level 0.2 Crossbows
 + Level 0.2 Throwing
 + Level 4.4 Armour
 + Level 4.4 Dodging
 + Level 0.2 Stealth
 + Level 0.2 Shields
 + Level 0.2 Unarmed Combat
 + Level 0.2 Spellcasting
 + Level 0.1 Conjurations
 + Level 0.1 Hexes
 + Level 0.1 Charms
 + Level 0.1 Summonings
 + Level 0.1 Necromancy
 + Level 0.1 Translocations
 + Level 0.1 Transmutations
 + Level 0.1 Fire Magic
 + Level 0.1 Ice Magic
 + Level 0.1 Air Magic
 + Level 0.1 Earth Magic
 + Level 0.1 Poison Magic
 + Level 0.3 Invocations
 + Level 0.2 Evocations


You had one spell level left.
You didn't know any spells.
Your spell library was empty.

Dungeon Overview and Level Annotations

Branches:
Dungeon (1/15)

Altars:


Innate Abilities, Weirdness & Mutations

Your experience applies equally to all skills.
You have very sharp teeth.
Your uncanny sense of smell can sniff out nearby items.


Message History

A bat is nearby!
You sock the bat!
You kill the bat!
Trog accepts your kill.
You butcher the bat corpse.
h - a chunk of flesh You see here a bat skeleton. x2
No target in view!
i - a sapphire ring No target in view!
Key pressed, stopping explore.
No target in view!
Found 2 gold pieces.
No target in view!
You now have 2 gold pieces.
No target in view!
A bat comes into view.
The bat barely misses you. The bat hits you but does no damage.
A bat is nearby!
You closely miss the bat. The bat barely misses you.
A bat is nearby!
The bat barely misses you. The bat barely misses you.
A bat is nearby!
You hit the bat but do no damage. The bat completely misses you.
The bat closely misses you.
A bat is nearby!
You closely miss the bat. Your bite misses the bat. The bat closely misses you.
A bat is nearby!
The bat completely misses you.
A bat is nearby!
You thump the bat!
You kill the bat!
Trog accepts your kill.
A hobgoblin comes into view.
The hobgoblin shouts!
You see here a bat corpse.
A hobgoblin is nearby!
A hobgoblin is nearby!
The hobgoblin closely misses you.
A hobgoblin is nearby!
You closely miss the hobgoblin. The hobgoblin hits you.
A hobgoblin is nearby!
You thump the hobgoblin!
You kill the hobgoblin!
Trog accepts your kill.
You have reached level 2!
No target in view!
Found a stone staircase leading down.
You see here a hobgoblin corpse.

.......#................###......
....................... #......
.................... . #......
.................... $.....##
............†..##### . ........
...................# ... .#####
....^..............#.... .....
....##.................> .##..
....##..........@....... +...
#.................. ##..
#.................. #...
##.##########...... #... #.
...... #.. ...... #####


There were no monsters in sight!

Vanquished Creatures
  2 bats (D:1)
  A hobgoblin (D:1)
  2 kobolds (D:1)
  A frilled lizard (D:1)
6 creatures vanquished.

Notes
Turn   | Place    | Note
-------+----------+-------------------------------------------
     0 | D:1      | MalarOregon the Gnoll Berserker began the quest for the
                  | Orb.
     0 | D:1      | Reached XP level 1. HP: 23/23 MP: 1/1
   189 | D:1      | Reached XP level 2. HP: 25/29 MP: 2/2
   191 | D:1      | Quit the game

Levels and vault maps discovered:
D:1:      dpeg_arrival_tiny_a, layout_basic

Action                   || total
-------------------------++-------
Melee: Mace              ||    10
Armor: Animal skin       ||     1
Dodge: Dodged            ||    16

Table legend:
 A = Non-vault XP
 B = Vault XP
 C = Vault XP percentage of total XP
 D = Non-vault monster count
 E = Vault monster count
 F = Vault count percentage of total count
                 A         B        C        D         E       F
            +---------+---------+-------+---------+---------+-------
      Total |      11 |       0 |   0.0 |       6 |       0 |   0.0
            +---------+---------+-------+---------+---------+-------
        D:1 |      11 |       0 |   0.0 |       6 |       0 |   0.0
            +---------+---------+-------+---------+---------+-------
